 Dungeon Crawl Stone Soup version 0.27-a0-1184-ge86db4a01e (webtiles) character file.

Game seed: 18215804088453711122

26015 kae the Severer (level 13, -3/122 HPs)
             Began as a Hill Orc Fighter on May 18, 2021.
             Was a Follower of Makhleb.
             Slain by a 12-headed hydra (7 damage)
             ... on level 1 of the Lair of Beasts.
             The game lasted 00:12:43 (16291 turns).

kae the Severer (Hill Orc Fighter)                 Turns: 16291, Time: 00:12:43

Health: -3/122     AC: 14    Str: 30    XL:     13   Next: 23%
Magic:  22/22      EV: 10    Int:  8    God:    Makhleb [*.....]
Gold:   350        SH:  0    Dex: 10    Spells: 12/12 levels left

rFire    . . .     SeeInvis +   P - +3 battleaxe (vorpal)
rCold    . . .     Faith    .   (shield currently unavailable)
rNeg     . . .     Spirit   .   b - +0 scale mail
rPois    .         Reflect  .   f - +1 helmet
rElec    .         Harm     .   i - +1 cloak
rCorr    .         Rampage  .   (no gloves)
Will     .....                  H - +2 pair of boots {Fly}
Stlth    ..........             I - amulet of regeneration
HPRegen  1.30/turn              A - +6 ring of strength
MPRegen  0.18/turn              j - ring of see invisible

@: flying
A: no striking features
a: Renounce Religion


You were on level 1 of the Lair of Beasts.
You worshipped Makhleb.
Makhleb was aware of your devotion.
You visited 2 branches of the dungeon, and saw 13 of its levels.
You also visited: Trove and Bailey.

You collected 597 gold pieces.
You spent 247 gold pieces at shops.

Inventory:

Hand Weapons
 a - a +1 war axe
 P - a +3 vorpal battleaxe (weapon)
Missiles
 z - 5 throwing nets (quivered)
 G - 5 boomerangs of dispersal
 K - 4 atropa-tipped darts
 L - a curare-tipped dart
Armour
 b - a +0 scale mail (worn)
 c - a +0 kite shield
 f - a +1 helmet (worn)
 i - a +1 cloak (worn)
 H - a +2 pair of boots of flying (worn)
Jewellery
 h - a ring of protection from cold
 j - a ring of see invisible (right hand)
 n - a +4 ring of evasion
 p - a +6 ring of dexterity
 u - a +6 ring of intelligence
 v - a ring of magical power
 y - a +6 ring of strength
 A - a +6 ring of strength (left hand)
 C - a +4 ring of evasion
 D - a +4 ring of evasion
 I - an amulet of regeneration (around neck)
 J - a ring of ice
Wands
 e - a wand of polymorph (19)
 l - a wand of mindburst (9)
 m - a wand of flame (57)
 r - a wand of acid (10)
 M - a wand of digging (4)
 R - a wand of paralysis (3)
 T - a wand of iceblast (13)
Scrolls
 w - 2 scrolls of fog
 B - 3 scrolls of teleportation
 F - 4 scrolls of identify
 N - 4 scrolls of magic mapping
 Q - a scroll of holy word
Potions
 d - 2 potions of might
 g - 4 potions of heal wounds
 k - a potion of ambrosia
 o - a potion of attraction
 q - 2 potions of magic
 s - 3 potions of mutation
 t - 4 potions of curing
 x - 2 potions of haste
 E - 12 potions of degeneration


   Skills:
 + Level 13.6 Fighting
 * Level 19.3 Axes
 - Level 3.2 Armour
 - Level 3.2 Shields
 + Level 12.4 Invocations


You had 12 spell levels left.
You didn't know any spells.
Your spell library contained the following spells:

 Spells                   Type           Power      Damage    Failure   Level
 Animate Skeleton         Necr           0%         N/A       65%         1
 Apportation              Tloc           0%         N/A       65%         1
 Beastly Appendage        Tmut           0%         N/A       65%         1
 Corona                   Hex            0%         N/A       65%         1
 Summon Small Mammal      Summ           0%         N/A       65%         1
 Call Imp                 Summ           0%         N/A       80%         2
 Wereblood                Tmut           0%         N/A       80%         2
 Call Canine Familiar     Summ           0%         N/A       95%         3
 Spider Form              Tmut/Pois      0%         N/A       95%         3
 Summon Guardian Golem    Hex/Summ       0%         N/A       95%         3
 Ice Form                 Ice/Tmut       0%         N/A       100%        4
 Summon Ice Beast         Ice/Summ       0%         N/A       100%        4
 Summon Lightning Spire   Summ/Air       0%         N/A       100%        4
 Hydra Form               Tmut           0%         N/A       100%        5


Dungeon Overview and Level Annotations

Branches:
Dungeon (12/15)            Temple (0/1) D:6            Lair (1/6) D:8
    Orc (0/2) D:9          Bailey (visited)

Altars:
Ashenzari
Dithmenos
Kikubaaqudgha
Makhleb
Nemelex Xobeh
Qazlal
Ru
Vehumet
Wu Jian
The Shining One

Shops:
D:8 [

Annotations:
D:2 1 runed translucent door, Crazy Yiuf
D:12 Frances


Message History

The ten-headed hydra is heavily wounded.
The electric eel shoots out a bolt of lightning at you!
The bolt of electricity hits you!
The ten-headed hydra bites you but does no damage.
The ten-headed hydra misses you.
The ten-headed hydra bites you but does no damage.
The ten-headed hydra bites you. x2
The ten-headed hydra bites you but does no damage.
The ten-headed hydra bites you. The ten-headed hydra barely misses you.
The ten-headed hydra bites you but does no damage.
The ten-headed hydra barely misses you.
You chop one of the ten-headed hydra's heads off!
The nine-headed hydra grows two more!
You slash the 11-headed hydra!
The 11-headed hydra is heavily wounded.
The electric eel shoots out a bolt of lightning at you!
The bolt of electricity misses you.
The 11-headed hydra bites you but does no damage. x2
The 11-headed hydra bites you.
The 11-headed hydra bites you but does no damage. x2
The 11-headed hydra bites you! x2; The 11-headed hydra bites you.
* * * LOW HITPOINT WARNING * * *
The 11-headed hydra bites you!
* * * LOW HITPOINT WARNING * * *
The 11-headed hydra bites you.
* * * LOW HITPOINT WARNING * * *
The 11-headed hydra bites you!
* * * LOW HITPOINT WARNING * * *
You slice one of the 11-headed hydra's heads off!
The ten-headed hydra grows two more!
You slice the 12-headed hydra!!
The 12-headed hydra is severely wounded.
You barely miss the 12-headed hydra.
The 12-headed hydra is severely wounded.
The 12-headed hydra bites you but does no damage. x4
The 12-headed hydra bites you.
* * * LOW HITPOINT WARNING * * *
The 12-headed hydra bites you.
* * * LOW HITPOINT WARNING * * *
The 12-headed hydra bites you but does no damage. x2
The 12-headed hydra bites you!
You die...

....#...#......# ##≈≈
...##..........# ..≈≈≈≈
...#....#......# #.≈≈≈≈≈
...............# ...≈≈≈≈
........#......# ..>.≈≈≈
...#...........##...≈≈≈≈
...#..###)......†..≈≈≈≈≈
......##........†.;≈≈≈≈≈
..##..###.......@D..≈≈≈≈
.......###.....#...≈≈≈≈.
......^###....##.##.....
........P#....##.# ....
.................. ...
..............##.# ..
...†..........##.# .
........P#.......$
........###..##


You could see a 12-headed hydra and an electric eel.

Vanquished Creatures
  Rupert (D:12)
  Josephine (D:11)
  Snorg (D:12)
  Harold (D:10)
  A boulder beetle (D:11)
  Erica (D:11)
  2 two-headed ogres (D:11)
  3 skeletal warriors
  A deep elf pyromancer (D:10)
  A manticore (D:12)
  A cyclops (D:8)
  Maurice (D:8)
  2 black mambas (Lair:1)
  A gargoyle (D:12)
  A cane toad (Lair:1)
  Maggie (D:8)
  A rime drake (Lair:1)
  2 tengu conjurers (D:12)
  A red devil (D:5)
  A polar bear (Lair:1)
  4 trolls
  Prince Ribbit (D:6)
  6 slime creatures (D:12)
  A shadow (D:11)
  4 wraiths (D:11)
  2 wyverns
  11 yaks
  Eustachio (D:5)
  Grum (D:8)
  2 basilisks (D:8)
  8 vampire mosquitoes
  A steam dragon (D:8)
  Menkaure (D:6)
  An acid dragon (D:10)
  5 water moccasins
  13 orc warriors
  A black bear (D:4)
  2 ice beasts
  3 ogres
  2 swamp drakes
  4 necrophages
  4 wolves (D:8)
  2 centaurs
  3 kobold brigands
  2 scorpions (D:5)
  3 bullfrogs
  2 gnoll sergeants (D:8)
  9 killer bees
  12 wights
  4 howler monkeys
  An electric eel (Lair:1)
  3 centaur zombies
  8 orc priests
  A bullfrog skeleton (D:6)
  2 centaur skeletons
  2 jellies
  5 iguanas
  7 orc wizards
  2 killer bee zombies
  A hound skeleton (D:5)
  Robin (D:2)
  A howler monkey zombie (D:9)
  11 gnolls
  4 adders
  A white imp (D:7)
  3 ufetubi
  3 worms
  4 dart slugs
  41 orcs
  6 endoplasms
  2 giant cockroaches
  38 goblins
  29 hobgoblins
  7 jackals (D:1)
  24 kobolds
  A quokka (D:4)
  13 ball pythons
  2 bats
  A frilled lizard (D:3)
  4 rats
368 creatures vanquished.

Vanquished Creatures (others)
  A wyvern (D:8)
  2 gnolls (D:8)
  10 plants
13 creatures vanquished.

Grand Total: 381 creatures vanquished

Notes
Turn   | Place    | Note
-------+----------+-------------------------------------------
     0 | D:1      | kae the Hill Orc Fighter began the quest for the Orb.
     0 | D:1      | Reached XP level 1. HP: 19/19 MP: 1/1
   147 | D:1      | Reached skill level 3 in Axes
   268 | D:1      | Reached XP level 2. HP: 25/27 MP: 2/2
   673 | D:1      | Reached skill level 4 in Axes
   829 | D:1      | Reached XP level 3. HP: 33/33 MP: 3/3
  1174 | D:2      | Reached XP level 4. HP: 41/41 MP: 4/4
  1306 | D:2      | Reached skill level 5 in Axes
  1382 | D:2      | Noticed Robin
  1393 | D:2      | Killed Robin
  1561 | D:2      | Found a runed translucent door.
  1562 | D:2      | Noticed Crazy Yiuf
  2048 | D:3      | Noticed a necrophage
  2057 | D:3      | Reached XP level 5. HP: 28/47 MP: 5/5
  2057 | D:3      | Killed a necrophage
  2058 | D:3      | Reached skill level 5 in Fighting
  2058 | D:3      | Reached skill level 6 in Axes
  2249 | D:3      | Found a shadowy altar of Dithmenos.
  2408 | D:3      | Reached XP level 6. HP: 52/56 MP: 6/6
  2472 | D:3      | Found a broken altar of Ashenzari.
  2483 | D:3      | Found a radiant altar of Vehumet.
  2574 | D:3      | Found a faded altar of an unknown god.
  3058 | D:4      | Reached skill level 7 in Axes
  3265 | D:4      | Noticed a necrophage
  3268 | D:4      | Killed a necrophage
  3271 | D:4      | Noticed a black bear
  3283 | D:4      | Killed a black bear
  3284 | D:4      | Reached skill level 8 in Axes
  3284 | D:4      | Reached XP level 7. HP: 52/63 MP: 7/7
  3763 | D:5      | Entered Level 5 of the Dungeon
  3800 | D:5      | Noticed Grinder
  3997 | D:4      | Reached skill level 9 in Axes
  4066 | D:5      | Paralysed by Grinder for 3 turns
  4299 | D:5      | Paralysed by Grinder for 7 turns
  4313 | D:5      | Paralysed by Grinder for 6 turns
  4325 | D:5      | HP: 2/64 [Grinder/nerve-wracking pain (13)]
  4611 | D:5      | Noticed Grinder
  4611 | D:5      | Grinder changed into Grinder the red devil
  4640 | D:5      | Killed Grinder the red devil
  4641 | D:5      | Reached skill level 10 in Axes
  4641 | D:5      | Reached XP level 8. HP: 44/73 MP: 8/8
  4797 | D:5      | Found a sacrificial altar of Ru.
  4814 | D:5      | Noticed Eustachio
  4833 | D:5      | Killed Eustachio
  5145 | D:5      | Reached skill level 11 in Axes
  5475 | D:5      | Found a burning altar of Makhleb.
  5491 | D:5      | Became a worshipper of Makhleb the Destroyer
  5742 | D:6      | Noticed Menkaure
  5762 | D:6      | Killed Menkaure
  5763 | D:6      | Reached skill level 1 in Invocations
  6056 | D:6      | Noticed Prince Ribbit
  6073 | D:6      | Killed Prince Ribbit
  6074 | D:6      | Reached skill level 12 in Axes
  6074 | D:6      | Reached XP level 9. HP: 48/82 MP: 9/11
  6266 | D:6      | Found a glowing golden altar of the Shining One.
  6459 | D:6      | Found a staircase to the Ecumenical Temple.
  6709 | D:7      | Reached * piety under Makhleb
  6722 | D:7      | HP: 1/83 [kobold brigand/+0 short sword (4)]
  6727 | D:7      | Reached skill level 13 in Axes
  6749 | D:7      | Found a flagged portal.
  6930 | Bailey   | Entered a bailey
  7170 | Bailey   | Reached skill level 5 in Invocations
  7400 | Bailey   | Reached XP level 10. HP: 71/92 MP: 14/14
  7467 | Bailey   | Reached ** piety under Makhleb
  7622 | Bailey   | Noticed an orc knight
  7622 | Bailey   | Noticed an orc knight
  7622 | Bailey   | Noticed an orc warlord
  7622 | Bailey   | Noticed an orc knight
  7978 | D:8      | Noticed a cyclops
  7984 | D:8      | Killed a cyclops
  7996 | D:8      | Noticed Maurice
  8024 | D:8      | Killed Maurice
  8025 | D:8      | Reached skill level 10 in Fighting
  8025 | D:8      | Reached skill level 14 in Axes
  8295 | D:8      | Noticed Maggie
  8321 | D:8      | Killed Maggie
  9210 | D:8      | Found a staircase to the Lair.
  9344 | D:8      | Noticed Grum
  9362 | D:8      | Killed Grum
  9376 | D:8      | Reached *** piety under Makhleb
  9806 | D:8      | Found Leariklocs's Antique Armour Boutique.
  9814 | D:8      | Reached skill level 15 in Axes
  9884 | D:8      | Bought a pair of runed boots for 247 gold pieces
 10387 | D:8      | Found a stormy altar of Qazlal.
 10709 | D:9      | Reached XP level 11. HP: 29/101 MP: 17/17
 11098 | D:9      | Found a staircase to the Orcish Mines.
 11672 | D:9      | Reached **** piety under Makhleb
 12382 | D:10     | Entered Level 10 of the Dungeon
 12676 | D:10     | Found an ancient bone altar of Kikubaaqudgha.
 12774 | D:10     | Noticed Harold
 12787 | D:10     | Killed Harold
 12788 | D:10     | Reached skill level 16 in Axes
 13351 | D:10     | Found an ornate altar of the Wu Jian Council.
 13414 | D:10     | Found a sparkling altar of Nemelex Xobeh.
 13431 | D:10     | Noticed a deep elf pyromancer
 13437 | D:10     | Killed a deep elf pyromancer
 14075 | D:11     | Found a portal to a secret trove of treasure.
 14163 | Trove    | Entered a treasure trove
 14210 | D:11     | Identified a scroll of acquirement
 14210 | D:11     | Acquired a +2 vorpal battleaxe
 14233 | D:11     | Noticed Erica
 14256 | D:11     | Killed Erica
 14257 | D:11     | Reached skill level 10 in Invocations
 14412 | D:11     | Noticed a boulder beetle
 14424 | D:11     | Killed a boulder beetle
 14425 | D:11     | Reached skill level 17 in Axes
 14492 | D:11     | Reached XP level 12. HP: 80/112 MP: 19/19
 14563 | D:11     | Noticed a two-headed ogre
 14569 | D:11     | Killed a two-headed ogre
 14812 | D:11     | Noticed Josephine
 14822 | D:11     | Killed Josephine
 14840 | D:11     | Noticed a two-headed ogre
 14865 | D:11     | Killed a two-headed ogre
 15023 | D:12     | Noticed Snorg
 15052 | D:12     | Killed Snorg
 15053 | D:12     | Reached skill level 18 in Axes
 15330 | D:12     | Noticed Rupert
 15367 | D:12     | Killed Rupert
 15368 | D:12     | Reached XP level 13. HP: 34/122 MP: 20/22
 15370 | D:12     | Reached skill level 19 in Axes
 15668 | D:12     | Noticed Frances
 16086 | Lair:1   | Entered Level 1 of the Lair of Beasts
 16291 | Lair:1   | HP: 4/122 [12-headed hydra (3)]
 16291 | Lair:1   | Slain by a 12-headed hydra

Illustrated notes

Levels and vault maps discovered:
D:1:      amcnicky_arrival_feature_with_door, layout_basic, serial_forest,
          infiniplex_forest_lined_corner, infiniplex_forest_clump_C,
          infiniplex_forest_lined_1, infiniplex_forest_lined_room_3,
          infiniplex_forest_straight_2, infiniplex_forest_clump_curved,
          infiniplex_forest_3_way, infiniplex_forest_straight_3,
          infiniplex_forest_diagonal, infiniplex_forest_end_2
D:2:      layout_loops_ring, uniq_robin, uniq_crazy_yiuf_cottage
D:3:      layout_basic, lemuel_tele_altar, vehumet_altar_wand_db,
          nicolae_ashenzari_skybound, ebering_ecumenical_altar_box
D:4:      layout_rooms, corexii_leaking_fountain
D:5:      layout_rooms, overflow_temple_1_default, makhleb_blood_cavern_becter,
          chequers_serial_rivers_large_b, chequers_serial_rivers_small_3,
          uniq_grinder, uniq_eustachio
D:6:      layout_basic, nicolae_tso_swordbearing_angel, temple_doors_cd,
          nrook_mini_backslash, uniq_menkaure, uniq_prince_ribbit1
D:7:      layout_rooms, enter_bailey_3, minivault_25
D:8:      layout_basic, general_overflow_altar, erik_lair_dragon,
          serial_bayou_pond_c, kennysheep_windowed_goal, uniq_maggie,
          uniq_maurice, uniq_grum
D:9:      layout_roguey, erik_orc_1
D:10:     kennysheep_blocky_hall, layout_grid_maze, kennysheep_mini_moat,
          nicolae_overflow_crystal_walls, lemuel_doored_altar, uniq_harold
D:11:     layout_loops_ring, nicolae_trove_entry_crossroad, uniq_josephine,
          uniq_erica
D:12:     layout_basic, uniq_snorg, uniq_frances, uniq_rupert
Lair:1:   layout_gridlike, minmay_holes, st_stairs_9,
          nicolae_quartered_pool_little, infiniplex_staircase_pool

Skill      XL: |  1  2  3  4  5  6  7  8  9 10 11 12 13 |
---------------+----------------------------------------+-----
Axes           | 3 4 5 6 8 10 12 13 15 17 18 19 | 19.3
Fighting       | 4 5 6 7 8 9 10 12 13 | 13.6
Invocations    | 2 5 8 10 12 | 12.4
Armour         | |  3.2
Shields        | |  3.2

Action                   |  1- 3 |  4- 6 |  7- 9 | 10-12 | 13-15 || total
-------------------------+-------+-------+-------+-------+-------++-------
Melee: War axe           |    77 |   145 |   290 |   518 |       ||  1030
       Battleaxe         |       |       |       |    91 |    51 ||   142
Invok: Minor Destruction |       |       |       |     4 |       ||     4
Evoke: Wand              |       |       |     4 |     3 |     4 ||    11
  Use: Scroll            |     2 |     4 |     8 |    10 |     3 ||    27
       Potion            |       |       |     8 |     2 |       ||    10
 Stab: Invisible         |       |       |     1 |       |       ||     1
       Confused          |       |       |       |     2 |       ||     2
Armor: Scale mail        |    48 |    83 |    91 |   212 |    39 ||   473
       Skin              |       |       |    12 |       |       ||    12
Dodge: Dodged            |    33 |    69 |    76 |   166 |    35 ||   379
Block: Kite shield       |    50 |    88 |   135 |   211 |       ||   484

Table legend: (Time is in decaauts)
 A = Elapsed time spent in this place.
 B = Non-inter-level travel time spent in this place.
 C = Inter-level travel time spent in this place.
 D = Time resting spent in this place.
 E = Time spent auto-exploring this place.
 F = Levels seen in this place.
 G = Mean time per level.
                   A        B        C        D        E       F      G
               +--------+--------+--------+--------+--------+-----+--------+
         Total |  16480 |  15777 |    703 |   2596 |  10780 |  15 | 1098.7 |
       Dungeon |  15575 |  14872 |    703 |   2383 |  10384 |  12 | 1297.9 |
          Lair |    147 |    147 |      0 |      0 |     85 |   1 |  147.0 |
         Trove |     45 |     45 |      0 |      0 |      0 |   1 |   45.0 |
        Bailey |    710 |    710 |      0 |    213 |    311 |   1 |  710.0 |
               +--------+--------+--------+--------+--------+-----+--------+

Top non-repeatable levels by time:
     D:8: 2765 daAuts
     D:9: 1805 daAuts
     D:4: 1580 daAuts
    D:10: 1441 daAuts
    D:11: 1258 daAuts
     D:1: 1155 daAuts
     D:5: 1076 daAuts
     D:3: 1001 daAuts
     D:6: 999 daAuts
     D:2: 897 daAuts
    D:12: 849 daAuts
     D:7: 744 daAuts
  Bailey: 710 daAuts
  Lair:1: 147 daAuts
   Trove: 45 daAuts
